PIO
GREAT FALLS VOYAGERS @ PHILADELPHIA (RK+) PHILLIES
09/05/2099
 
TOP OF THE 1ST
Great Falls Voyagers batting - Pitching for Philadelphia (Rk+) Phillies : RHP Alex Rodriguez
Pitching: RHP Alex Rodriguez
Batting: LHB Greg Brown 0-0: Foul Ball, location: 5F
0-1: Ground out 4-3 (Groundball, 4, EV 86.3 MPH)
Batting: RHB John Arbuckle 0-0: Ball
1-0: Called Strike
1-1: Called Strike
1-2: Strikes out swinging
Batting: SHB Nick Shumate 0-0: Called Strike
0-1: Swinging Strike
0-2: Strikes out looking
Top of the 1st over - 0 runs, 0 hits, 0 errors, 0 left on base; Great Falls 0 - Philadelphia (Rk+) 0
BOTTOM OF THE 1ST
Philadelphia (Rk+) Phillies batting - Pitching for Great Falls Voyagers : LHP Florian Varlet
Pitching: LHP Florian Varlet
Batting: RHB Jason Barton 0-0: Swinging Strike
0-1: Ball
1-1: Swinging Strike
1-2: Foul Ball, location: 5FF
1-2: Ball
2-2: SINGLE (Line Drive, 9S, EV 85.6 MPH)
Batting: RHB Preston Hillman 0-0: TRIPLE (Line Drive, 9LD, EV 99.4 MPH)
Jason Barton scores
Batting: LHB Josh Beiler 0-0: Swinging Strike
0-1: Called Strike
0-2: Ball
1-2: DOUBLE (Line Drive, 7LS, EV 93.8 MPH)
Preston Hillman scores
Batting: RHB Mark Bryan 0-0: Ball
1-0: Foul Ball, location: 2F
1-1: Fly out, F7 (Flyball, 78XD, EV 96.3 MPH)
Runner from 2nd tags up, SAFE at 3rd, no throw by LF
Batting: RHB Chris Fisher 0-0: SINGLE (Flyball, 3D, EV 88.8 MPH)
Josh Beiler scores
Pitching: RHP Mike Torres
Batting: RHB Dean Faubion 0-0: Ground out 6-3 (Groundball, 6, EV 109.4 MPH)
Chris Fisher to second
Batting: RHB Joe Turner 0-0: Ball
1-0: Called Strike
1-1: Fly out, F8 (Flyball, 8RM, EV 98.8 MPH)
Bottom of the 1st over - 3 runs, 4 hits, 0 errors, 1 left on base; Great Falls 0 - Philadelphia (Rk+) 3
TOP OF THE 2ND
Great Falls Voyagers batting - Pitching for Philadelphia (Rk+) Phillies : RHP Alex Rodriguez
Batting: RHB Scott Elliott 0-0: Ground out 5-3 (Groundball, 5S, EV 83.8 MPH)
Batting: SHB Jarred Wurtz 0-0: Called Strike
0-1: Foul Ball, location: 2F
0-2: SOLO HOME RUN (Flyball, 9D, EV 100.0 MPH), Distance : 379 ft
Batting: RHB Brice Edwards 0-0: Foul Ball, location: 2F
0-1: Foul Ball, location: 9LMF
0-2: Ball
1-2: Foul Ball, location: 3SF
1-2: Foul Ball, location: 2F
1-2: Foul Ball, location: 3F
1-2: Fly out, F8 (Flyball, 8LS, EV 92.5 MPH)
Batting: LHB Mike Deeley 0-0: Ball
1-0: Swinging Strike
1-1: Foul Ball, location: 3FF
1-2: Foul Ball, location: 5SF
1-2: Strikes out swinging
Top of the 2nd over - 1 run, 1 hit, 0 errors, 0 left on base; Great Falls 1 - Philadelphia (Rk+) 3
BOTTOM OF THE 2ND
Philadelphia (Rk+) Phillies batting - Pitching for Great Falls Voyagers : RHP Mike Torres
Batting: RHB Houston Denzer 0-0: Foul Ball, location: 2F
0-1: Swinging Strike
0-2: Ground out 5-3 (Groundball, 56S, EV 68.8 MPH)
Batting: SHB Lionel Friuli 0-0: Fly out, F9 (Flyball, 9, EV 88.1 MPH)
Batting: RHB Jason Barton 0-0: Ball
1-0: Ball
2-0: Ball
3-0: Called Strike
3-1: Foul Ball, location: 2F
3-2: Ground out 5-3 (Groundball, 56, EV 99.4 MPH)
Bottom of the 2nd over - 0 runs, 0 hits, 0 errors, 0 left on base; Great Falls 1 - Philadelphia (Rk+) 3
TOP OF THE 3RD
Great Falls Voyagers batting - Pitching for Philadelphia (Rk+) Phillies : RHP Alex Rodriguez
Batting: RHB Adam Ambrose 0-0: Called Strike
0-1: Swinging Strike
0-2: Ball
1-2: Strikes out swinging
Batting: RHB Chris Arms 0-0: Ball
1-0: Foul Ball, location: 23F
1-1: Ball
2-1: Ball
3-1: Fly out, F7 (Flyball, 7, EV 96.3 MPH)
Batting: LHB Greg Brown 0-0: Swinging Strike
0-1: DOUBLE (Line Drive, 89D, EV 103.8 MPH)
Batting: RHB John Arbuckle 0-0: Called Strike
0-1: Ball
1-1: Ball
2-1: Foul Ball, location: 3SF
2-2: Strikes out swinging
Top of the 3rd over - 0 runs, 1 hit, 0 errors, 1 left on base; Great Falls 1 - Philadelphia (Rk+) 3
BOTTOM OF THE 3RD
Philadelphia (Rk+) Phillies batting - Pitching for Great Falls Voyagers : RHP Mike Torres
Batting: RHB Preston Hillman 0-0: Foul Ball, location: 5F
0-1: Ball
1-1: Ball
2-1: DOUBLE (Groundball, 5L, EV 96.9 MPH)
Batting: LHB Josh Beiler 0-0: Foul Ball, location: 5SF
0-1: Ball
1-1: Ball
2-1: Foul Ball, location: 2F
2-2: SINGLE (Line Drive, 34D, EV 95.0 MPH)
Preston Hillman to third
Batting: RHB Mark Bryan 0-0: Called Strike
0-1: Ball
1-1: Fly out, F3 (Popup, 23, EV 85.0 MPH)
Batting: RHB Chris Fisher 0-0: Called Strike
0-1: Foul Ball, location: 7LSF
0-2: Fly out, F8 (Flyball, 8RD, EV 100.0 MPH)
Runner from 3rd tags up, SCORES, throw by CF
Batting: RHB Dean Faubion 0-0: Ball
Josh Beiler steals 2nd base
1-0: Called Strike
1-1: Swinging Strike
1-2: Foul Ball, location: 2RF
1-2: Ball
2-2: Foul Ball, location: 2F
2-2: Strikes out swinging
Bottom of the 3rd over - 1 run, 2 hits, 0 errors, 1 left on base; Great Falls 1 - Philadelphia (Rk+) 4
TOP OF THE 4TH
Great Falls Voyagers batting - Pitching for Philadelphia (Rk+) Phillies : RHP Alex Rodriguez
Batting: SHB Nick Shumate 0-0: Ball
1-0: Foul Ball, location: 2F
1-1: Swinging Strike
1-2: Ball
2-2: Ball
3-2: SINGLE (Groundball, 6D, EV 100.6 MPH)
Batting: RHB Scott Elliott 0-0: Ball
1-0: TRIPLE (Line Drive, 78XD, EV 100.0 MPH)
Nick Shumate scores
Batting: SHB Jarred Wurtz 0-0: Called Strike
0-1: Ball
1-1: Ball
2-1: Called Strike
2-2: Fly out, F5 (Popup, 56S, EV 85.0 MPH)
Batting: RHB Brice Edwards 0-0: Called Strike
0-1: Ball
1-1: Ball
2-1: Swinging Strike
2-2: Ball
3-2: Foul Ball, location: 7LMF
3-2: Strikes out swinging
Batting: LHB Mike Deeley 0-0: Ball
1-0: Foul Ball, location: 2F
1-1: Called Strike
1-2: Ball
2-2: Ball
3-2: Strikes out swinging
Top of the 4th over - 1 run, 2 hits, 0 errors, 1 left on base; Great Falls 2 - Philadelphia (Rk+) 4
BOTTOM OF THE 4TH
Philadelphia (Rk+) Phillies batting - Pitching for Great Falls Voyagers : RHP Mike Torres
Batting: RHB Joe Turner 0-0: Ball
1-0: Called Strike
1-1: Fly out, F4 (Popup, 4M, EV 56.3 MPH)
Batting: RHB Houston Denzer 0-0: Ball
1-0: Fly out, F9 (Flyball, 9D, EV 94.4 MPH)
Batting: SHB Lionel Friuli 0-0: Called Strike
0-1: Swinging Strike
0-2: Foul Ball, location: 2F
0-2: Ball
1-2: Strikes out looking
Bottom of the 4th over - 0 runs, 0 hits, 0 errors, 0 left on base; Great Falls 2 - Philadelphia (Rk+) 4
TOP OF THE 5TH
Great Falls Voyagers batting - Pitching for Philadelphia (Rk+) Phillies : RHP Alex Rodriguez
Batting: RHB Adam Ambrose 0-0: Ball
1-0: Ground out 5-3 (Groundball, 5, EV 77.5 MPH)
Batting: RHB Chris Arms 0-0: Foul Ball, location: 9LSF
0-1: Called Strike
0-2: Strikes out swinging
Batting: LHB Greg Brown 0-0: Ball
1-0: Ball
2-0: Fly out, F8 (Flyball, 8LM, EV 95.6 MPH)
Top of the 5th over - 0 runs, 0 hits, 0 errors, 0 left on base; Great Falls 2 - Philadelphia (Rk+) 4
BOTTOM OF THE 5TH
Philadelphia (Rk+) Phillies batting - Pitching for Great Falls Voyagers : RHP Mike Torres
Batting: RHB Jason Barton 0-0: Called Strike
0-1: Called Strike
0-2: Strikes out swinging
Batting: RHB Preston Hillman 0-0: Swinging Strike
0-1: Foul Ball, location: 2F
0-2: Ball
1-2: Foul Ball, location: 2F
1-2: Foul Ball, location: 25FF
1-2: Strikes out looking
Batting: LHB Josh Beiler 0-0: Ground out 4-3 (Groundball, 4, EV 94.4 MPH)
Bottom of the 5th over - 0 runs, 0 hits, 0 errors, 0 left on base; Great Falls 2 - Philadelphia (Rk+) 4
TOP OF THE 6TH
Great Falls Voyagers batting - Pitching for Philadelphia (Rk+) Phillies : RHP Alex Rodriguez
Batting: RHB John Arbuckle 0-0: Called Strike
0-1: Ball
1-1: Called Strike
1-2: Ground out 4-3 (Groundball, 4MD, EV 102.5 MPH)
Batting: SHB Nick Shumate 0-0: Ball
1-0: Swinging Strike
1-1: Called Strike
1-2: Strikes out swinging
Batting: RHB Scott Elliott 0-0: Ball
1-0: SINGLE (Groundball, 56D, EV 98.1 MPH)
Pitching: RHP David Wade
Batting: SHB Jarred Wurtz 0-0: Fly out, F8 (Flyball, 8RD, EV 96.3 MPH)
Top of the 6th over - 0 runs, 1 hit, 0 errors, 1 left on base; Great Falls 2 - Philadelphia (Rk+) 4
BOTTOM OF THE 6TH
Philadelphia (Rk+) Phillies batting - Pitching for Great Falls Voyagers : RHP Mike Torres
Batting: RHB Mark Bryan 0-0: Called Strike
0-1: Ball
1-1: Ball
2-1: Ball
3-1: Foul Ball, location: 7LSF
3-2: Foul Ball, location: 2F
3-2: Foul Ball, location: 9LSF
3-2: Fly out, F8 (Flyball, 8RD, EV 110.0 MPH)
Batting: RHB Chris Fisher 0-0: Foul Ball, location: 9LSF
0-1: Ball
1-1: SINGLE (Flyball, 6MD, EV 93.8 MPH)
Batting: RHB Dean Faubion 0-0: Ball
1-0: Foul Ball, location: 25F
1-1: Ball
2-1: Swinging Strike
Chris Fisher steals 2nd base
2-2: SINGLE (Line Drive, 7LS, EV 110.0 MPH)
Chris Fisher to third
Batting: RHB Joe Turner 0-0: Swinging Strike
0-1: Ball
1-1: Ball
2-1: Called Strike
2-2: Foul Ball, location: 2F
2-2: Foul Ball, location: 2F
2-2: Fly out, F6 (Line Drive, 6MD, EV 75.0 MPH)
Batting: RHB Houston Denzer 0-0: Foul Ball, location: 9LDF
0-1: Called Strike
0-2: DOUBLE (Line Drive, 9LM, EV 103.1 MPH)
Chris Fisher scores
Dean Faubion to third
Batting: SHB Lionel Friuli 0-0: Ball
1-0: Ball
2-0: Fly out, F8 (Flyball, 8LD, EV 105.6 MPH)
Bottom of the 6th over - 1 run, 3 hits, 0 errors, 2 left on base; Great Falls 2 - Philadelphia (Rk+) 5
TOP OF THE 7TH
Great Falls Voyagers batting - Pitching for Philadelphia (Rk+) Phillies : RHP David Wade
Batting: RHB Brice Edwards 0-0: Fly out, F7 (Flyball, 78M, EV 85.0 MPH)
Batting: LHB Mike Deeley 0-0: Called Strike
0-1: Called Strike
0-2: Foul Ball, location: 7LMF
0-2: Ball
1-2: Foul Ball, location: 2F
1-2: Ball
2-2: Ground out 4-3 (Groundball, 4, EV 102.5 MPH)
Batting: RHB Adam Ambrose 0-0: DOUBLE (Line Drive, 9LS, EV 98.8 MPH)
Batting: RHB Chris Arms 0-0: Called Strike
0-1: Swinging Strike
0-2: Ball
1-2: Ball
2-2: Ball
3-2: Foul Ball, location: 3SF
3-2: SINGLE (Flyball, 8LS, EV 95.6 MPH)
Adam Ambrose to third
Runner from 3rd tries for Home, SAFE, throw by CF to home
Batting: LHB Greg Brown 0-0: Foul Ball, location: 23F
0-1: Foul Ball, location: 7LSF
0-2: Ball
1-2: Strikes out looking
Top of the 7th over - 1 run, 2 hits, 0 errors, 1 left on base; Great Falls 3 - Philadelphia (Rk+) 5
BOTTOM OF THE 7TH
Philadelphia (Rk+) Phillies batting - Pitching for Great Falls Voyagers : RHP Mike Torres
Pitching: RHP Tony Lamas
Batting: RHB Jason Barton 0-0: Called Strike
0-1: Ball
1-1: Swinging Strike
1-2: Ball
2-2: Ground out 1-3 (Groundball, 15, EV 70.0 MPH)
Batting: RHB Preston Hillman 0-0: Ball
1-0: Called Strike
1-1: Foul Ball, location: 3FF
1-2: Foul Ball, location: 9LSF
1-2: Foul Ball, location: 3F
1-2: Ball
2-2: Foul Ball, location: 2F
2-2: Strikes out swinging
Batting: LHB Josh Beiler 0-0: Ball
1-0: Foul Ball, location: 2F
1-1: Ground out 6-3 (Groundball, 6, EV 88.8 MPH)
Bottom of the 7th over - 0 runs, 0 hits, 0 errors, 0 left on base; Great Falls 3 - Philadelphia (Rk+) 5
TOP OF THE 8TH
Great Falls Voyagers batting - Pitching for Philadelphia (Rk+) Phillies : RHP David Wade
Batting: RHB John Arbuckle 0-0: Called Strike
0-1: SINGLE (Line Drive, 8RS, EV 86.3 MPH)
Batting: SHB Nick Shumate 0-0: Foul Ball, location: 5FF
0-1: Foul Ball, location: 9LDF
0-2: Ball
1-2: Ball
2-2: TRIPLE (Flyball, 89XD, EV 88.1 MPH)
John Arbuckle scores
Pitching: RHP Tony Jimenez
Pinch Hitting: LHB Sam Peters 0-0: Foul Ball, location: 3F
0-1: Foul Ball, location: 3DF
0-2: Ball
1-2: Ball
2-2: Ball
3-2: Strikes out swinging
Batting: SHB Jarred Wurtz 0-0: Ball
1-0: Called Strike
1-1: Foul Ball, location: 3FF
1-2: Strikes out swinging
Batting: RHB Brice Edwards 0-0: Swinging Strike
0-1: Ball
1-1: Called Strike
1-2: Ball
2-2: DOUBLE (Line Drive, 78XD, EV 105.0 MPH)
Nick Shumate scores
Batting: LHB Mike Deeley 0-0: Foul Ball, location: 3FF
0-1: Called Strike
0-2: Strikes out swinging
Top of the 8th over - 2 runs, 3 hits, 0 errors, 1 left on base; Great Falls 5 - Philadelphia (Rk+) 5
BOTTOM OF THE 8TH
Philadelphia (Rk+) Phillies batting - Pitching for Great Falls Voyagers : RHP Tony Lamas
Pitching: RHP Eddie Dodson
Now at SS: Victor Gonzales
Pinch Hitting: LHB Rodolfo Velasquez 0-0: Called Strike
0-1: Ball
1-1: Ball
2-1: Called Strike
2-2: Ball
3-2: Foul Ball, location: 2F
3-2: Ground out 6-3 (Groundball, 6, EV 75.6 MPH)
Batting: RHB Chris Fisher 0-0: Ball
1-0: Swinging Strike
1-1: Foul Ball, location: 23F
1-2: Strikes out swinging
Batting: RHB Dean Faubion 0-0: Ball
1-0: Swinging Strike
1-1: Swinging Strike
1-2: Strikes out looking
Bottom of the 8th over - 0 runs, 0 hits, 0 errors, 0 left on base; Great Falls 5 - Philadelphia (Rk+) 5
TOP OF THE 9TH
Great Falls Voyagers batting - Pitching for Philadelphia (Rk+) Phillies : RHP Tony Jimenez
Now in RF: Luis Alcocer
Batting: RHB Adam Ambrose 0-0: Ball
1-0: Ball
2-0: Foul Ball, location: 9LSF
2-1: SINGLE (Popup, 34D, EV 55.6 MPH)
Batting: RHB Chris Arms 0-0: Ball
1-0: Foul Ball, location: 9LSF
1-1: Ball
2-1: Swinging Strike
2-2: Ball
3-2: Ground out 5-3 (Groundball, 6S, EV 103.8 MPH)
Adam Ambrose to second
Batting: LHB Greg Brown 0-0: Intentional Walk
Pinch Runner at 2nd Dustin Consolino:
Batting: RHB John Arbuckle 0-0: Fielders Choice at 2nd, 6-4 (Groundball, 6M, EV 83.1 MPH)
Dustin Consolino to third
Batting: SHB Nick Shumate 0-0: Called Strike
0-1: Ball
1-1: Ball
2-1: Foul Ball, location: 9LMF
2-2: Ball
3-2: 3-RUN HOME RUN (Flyball, 9D, EV 101.3 MPH), Distance : 385 ft
Batting: LHB Victor Gonzales 0-0: Ground out 5-3 (Groundball, 5, EV 98.8 MPH)
Top of the 9th over - 3 runs, 2 hits, 0 errors, 0 left on base; Great Falls 8 - Philadelphia (Rk+) 5
BOTTOM OF THE 9TH
Philadelphia (Rk+) Phillies batting - Pitching for Great Falls Voyagers : RHP Eddie Dodson
Pitching: RHP Luis Cartagena
Now at 1B: Miguel Susana
Now at 3B: Dave Sanchez
Now in LF: Justin Cusick
Batting: RHB Joe Turner 0-0: Ball
1-0: Fly out, F6 (Popup, 56, EV 75.6 MPH)
Batting: RHB Houston Denzer 0-0: Ball
1-0: Called Strike
1-1: Foul Ball, location: 7LSF
1-2: Fly out, F9 (Flyball, 9S, EV 90.6 MPH)
Batting: SHB Lionel Friuli 0-0: Called Strike
0-1: Ball
1-1: Ball
2-1: Ground out U3 (Groundball, 13, EV 84.4 MPH)
Bottom of the 9th over - 0 runs, 0 hits, 0 errors, 0 left on base; Great Falls 8 - Philadelphia (Rk+) 5
Tuesday, May 14th , 2024 - OOTP Baseball 24.11 Build 85